 Dungeon Crawl Stone Soup version 0.26.0-16-gc1dbca0489 (webtiles) character file.

Game seed: 10135080533874650580

155 thiole the Sneak (level 5, -6/31 HPs)
             Began as an Octopode Hedge Wizard on Jan 19, 2021.
             Killed from afar by a white imp (12 damage)
             ... with a puff of frost
             ... summoned by Natasha
             ... on level 2 of the Dungeon.
             The game lasted 00:05:18 (2979 turns).

thiole the Sneak (Octopode Hedge Wizard)            Turns: 2979, Time: 00:05:18

Health: -6/31      AC:  1    Str:  9    XL:     5   Next: 37%
Magic:  10/10      EV: 13    Int: 17    God:
Gold:   120        SH:  3    Dex: 12    Spells: 4/10 levels left

rFire    . . .     SeeInvis .   i - +1 dagger (protect)
rCold    . . .     Faith    .   g - +0 buckler
rNeg     . . .     Spirit   .   b - +0 hat
rPois    .         Reflect  .   (no amulet)
rElec    .         Harm     .   (no ring)
rCorr    .         Rampage  .   (no ring)
Will     .....                  (no ring)
Stlth    +++.......             (no ring)
HPRegen  0.10/turn              (no ring)
MPRegen  0.12/turn              (no ring)
                                (no ring)
                                (no ring)

@: no status effects
A: almost no armour, stealthy swim, amphibious, 8 rings, constrict 8, camouflage
1, gelatinous body 1
a: no special abilities


You were on level 2 of the Dungeon.
You visited 1 branch of the dungeon, and saw 2 of its levels.

You collected 120 gold pieces.

Inventory:

Hand Weapons
 a - a +0 dagger
 i - a +1 dagger of protection (weapon)
 l - a +0 dagger of venom
Armour
 b - a +0 hat (worn)
 g - a +0 buckler (worn)
Scrolls
 c - 3 scrolls of amnesia {unknown}
 e - 3 scrolls of magic mapping {unknown}
 f - 4 scrolls of remove curse {unknown}
 h - 3 scrolls of identify {unknown}
Potions
 d - a potion of mutation {unknown}
 j - a potion of might {unknown}
 k - 2 potions of flight {unknown}
 m - a potion of resistance {unknown}


   Skills:
 + Level 2.7 Dodging
 + Level 4.0 Stealth
 + Level 1.3 Shields
 + Level 3.4 Spellcasting
 - Level 2.0 Conjurations
 - Level 2.0 Summonings
 - Level 1.0 Translocations
 * Level 0.9 Air Magic
 * Level 1.1 Poison Magic


You had 4 spell levels left.
You knew the following spells:

 Your Spells              Type           Power        Failure   Level
a - Magic Dart            Conj           36%          11%         1
b - Call Imp              Summ           9%           16%         2
c - Mephitic Cloud        Conj/Pois/Air  7%           38%         3

Your spell library contained the following spells:

 Spells                   Type           Power        Failure   Level
 Blink                    Tloc           N/A          24%         2
 Slow                     Hex            2%           34%         2
 Conjure Flame            Conj/Fire      6%           43%         3


Dungeon Overview and Level Annotations

Branches:
Dungeon (2/15)

Altars:

Annotations:
D:2 Natasha


Innate Abilities, Weirdness & Mutations

You cannot wear most types of armour.
You are very stealthy in the water. (Stealth+)
You are amphibious.
You can wear up to eight rings at the same time.
You can use your tentacles to constrict eight enemies at once.
Your skin changes colour to match your surroundings (Stealth+).
Your rubbery body absorbs attacks. (AC +1, EV +1)


Message History

You are no longer poisoned.
Natasha, Servant of Life and Death comes into view.
She is carrying a wand of flame (17).
You are too injured to fight recklessly!
Natasha hisses angrily.
Natasha mumbles some strange words.
Found 12 gold pieces.
You are too injured to fight recklessly!
Natasha zaps a wand.
The puff of flame hits you.
Natasha mumbles some strange words.
The crimson imp blinks!
Natasha mumbles some strange words.
The white imp gestures at you. The puff of frost hits you!
* * * LOW HITPOINT WARNING * * *
Natasha wildly gestures.
You feel disoriented.
The white imp shouts, "Get thee hence, thou bawdy unchin-snouted vassal!"
The white imp gestures at you. The puff of frost hits you!
You die...

#.##.######### # ####.##)########
### # ................ ..#####
####.##.######## #.##.## .
................###.##... ..
##.#.##.#...........##.## #.
#.#.##.#.#..........#.##
###..##.#....#<#..............
............@................
#.###.#..#.#.#..##.#.#......
#####........#.#................
..........##.#.#.#..##.......#..
........รท....#.#.#..#....)......
.......).....#5#.# .#...........
.............#h#.# #...#...#...
.............#5#.# #...##.....[
..........####5#.#..#.......#.#.


You could see Natasha and 2 white imps.

Vanquished Creatures
  Natasha (twice) (D:2)
  Robin (D:2)
  An adder (D:2)
  An ooze (D:2)
  A dart slug (D:2)
  2 leopard geckos (D:1)
  3 giant cockroaches (D:1)
  17 goblins
  14 hobgoblins
  6 jackals
  8 bats
  5 frilled lizards (D:1)
  A kobold (D:1)
  12 rats
74 creatures vanquished.

Vanquished Creatures (others)
  41 plants (D:2)
41 creatures vanquished.

Grand Total: 115 creatures vanquished

Notes
Turn   | Place    | Note
-------+----------+-------------------------------------------
     0 | D:1      | thiole the Octopode Hedge Wizard began the quest for the
                  | Orb.
     0 | D:1      | Reached XP level 1. HP: 11/11 MP: 4/4
   439 | D:1      | Reached XP level 2. HP: 17/17 MP: 4/6
   483 | D:1      | Reached skill level 3 in Stealth
   696 | D:1      | Reached XP level 3. HP: 14/21 MP: 7/7
  1570 | D:2      | Identified the +2 helmet of Generosity {rC+ Str+5}
  1570 | D:2      | Noticed Robin
  1583 | D:2      | Reached XP level 4. HP: 18/27 MP: 1/8
  1599 | D:2      | Killed Robin
  2124 | D:2      | Reached skill level 1 in Shields
  2443 | D:2      | Learned a level 2 spell: Call Imp
  2447 | D:2      | Learned a level 3 spell: Mephitic Cloud
  2469 | D:2      | Noticed Natasha
  2474 | D:2      | Killed Natasha
  2475 | D:2      | Reached XP level 5. HP: 13/31 MP: 8/10
  2701 | D:2      | Noticed Natasha
  2713 | D:2      | Killed Natasha
  2714 | D:2      | Reached skill level 4 in Stealth
  2714 | D:2      | Reached skill level 1 in Poison Magic
  2963 | D:2      | Noticed Natasha
  2979 | D:2      | Killed from afar by a white imp

Illustrated notes

Levels and vault maps discovered:
D:1:      amcnicky_arrival_abandoned_market, layout_loops_ring,
          minmay_octomino_c4
D:2:      layout_basic, kennysheep_boxes, uniq_natasha, uniq_robin

Skill      XL: |  1  2  3  4  5 |
---------------+----------------+-----
Stealth        | 3 4 |  4.0
Conjurations   | 2 |  2.0
Summonings     | 2 |  2.0
Shields        | 1 |  1.3
Poison Magic   | 1 |  1.1
Dodging        | |  2.7
Spellcasting   | |  3.4
Translocations | |  1.0
Air Magic      | |  0.9

Action                   |  1- 3 |  4- 6 || total
-------------------------+-------+-------++-------
Melee: Dagger            |    72 |    58 ||   130
       Constrict         |    23 |    14 ||    37
       Tentacles         |    12 |    12 ||    24
 Cast: Magic Dart        |    58 |    28 ||    86
 Stab: Sleeping          |       |     1 ||     1
Armor: Skin              |    14 |    10 ||    24
Dodge: Dodged            |    40 |    34 ||    74
Block: Buckler           |     1 |     6 ||     7
